 Dungeon Crawl Stone Soup version 0.29-a0-717-g6dac4ea423 (webtiles) character file.

Game seed: 4246641051410296912

2652 drugrobin the Cleaver (level 9, -1/78 HPs)
             Began as a Demigod Fighter on June 27, 2022.
             Splashed by a jelly's acid (6 damage)
             ... on level 7 of the Dungeon.
             The game lasted 00:17:31 (9761 turns).

drugrobin the Cleaver (Demigod Fighter)             Turns: 9761, Time: 00:17:32

Health: -1/78      AC: -17   Str: 29    XL:     9   Next: 14%
Magic:  11/11      EV:  4    Int: 16    God:
Gold:   459        SH: 15    Dex: 13    Spells: 8/8 levels left

rFire   . . .      SeeInvis .   a - +0 hand axe (drain)
rCold   . . .      Faith    .   z - +2 tower shield
rNeg    . . .      Spirit   .   p - +0 chain mail
rPois   .          Reflect  .   (no helmet)
rElec   .          Harm     .   n - +0 cloak
rCorr   .          Rampage  .   (no gloves)
Will    .....                   (no boots)
Stlth   ..........              x - amulet of the acrobat
HPRegen 0.23/turn               I - +6 ring of intelligence
MPRegen 0.12/turn               (no ring)

@: corroded
A: high MP 1, forlorn, divine attributes
a: no special abilities


You were on level 7 of the Dungeon.
You visited 1 branch of the dungeon, and saw 7 of its levels.

You collected 459 gold pieces.

Inventory:

Hand Weapons
 a - a +0 hand axe of draining (weapon)
 b - a +1 dagger of venom
 m - a +0 war axe
 t - a +2 hand axe
Missiles
 s - 5 boomerangs (quivered)
 v - 4 curare-tipped darts
 A - 18 poisoned darts
 D - 3 javelins
Armour
 c - a +0 buckler
 n - a +0 cloak (worn)
 p - a +0 chain mail (worn)
 y - the -2 pair of boots of Valiance {rN+ Will+}
   (You found it on level 5 of the Dungeon)

   rN:        It protects you from negative energy.
   Will:      It increases your willpower.
 z - a +2 tower shield (worn)
 B - a +0 scale mail
Jewellery
 x - an amulet of the acrobat (around neck)
 I - a +6 ring of intelligence (left hand)
Wands
 J - a wand of iceblast (6)
Scrolls
 f - a scroll of torment
 h - 3 scrolls of magic mapping
 i - 2 scrolls of teleportation
 j - 8 scrolls of identify
 o - 2 scrolls of vulnerability {unknown}
 r - a scroll of enchant weapon
 u - 2 scrolls of fog {unknown}
 G - 3 scrolls of enchant armour {unknown}
Potions
 d - 2 potions of might
 e - 2 potions of flight {unknown}
 g - 6 potions of curing
 k - a potion of resistance {unknown}
 l - 2 potions of degeneration {unknown}
 q - 2 potions of magic {unknown}
 w - a potion of attraction {unknown}
 C - a potion of lignification {unknown}
 E - 2 potions of haste {unknown}
 F - a potion of brilliance {unknown}
 H - a potion of heal wounds {unknown}


   Skills:
 + Level 6.9 Fighting
 * Level 9.2 Axes
 - Level 2.6 Armour
 + Level 4.8 Shields


You had 8 spell levels left.
You didn't know any spells.
Your spell library contained the following spells:

 Spells                   Type           Power      Damage    Failure   Level
 Beastly Appendage        Tmut           0%         N/A       100%        1
 Necrotize                Necr           0%         1d4       100%        1
 Sandblast                Erth           0%         2d4       100%        1
 Ensorcelled Hibernation  Hex/Ice        0%         N/A       100%        2
 Wereblood                Tmut           0%         N/A       100%        2
 Spider Form              Tmut/Pois      0%         N/A       100%        3
 Vampiric Draining        Necr           0%         2d6       100%        3
 Anguish                  Hex/Necr       0%         N/A       100%        4
 Agony                    Necr           0%         N/A       100%        5


Dungeon Overview and Level Annotations

Branches:
Dungeon (7/15)             Temple (0/1) D:5

Shops:
D:3 [

Annotations:
D:5 1 runed translucent door, chrisa4242's ghost, novice NaFi
D:7 2 transporters, exclusions: ice statue and oklob plant, DocClef's ghost, novice TeFi


Innate Abilities, Weirdness & Mutations

You have an increased reservoir of magic. (+10% MP)
You shall have no god before yourself.
Your divine heritage dramatically boosts your attributes as you level up.


Message History

The acid corrodes you!
You are splashed with acid!
* * * LOW HITPOINT WARNING * * *
Unknown command.
Okay, then.
Okay, then.
Unknown command.
There are no items here.
You hit the jelly but do no damage.
Your hands burn!
* * * LOW HITPOINT WARNING * * *
The jelly is severely wounded.
You block the jelly's attack.
The endoplasm jiggles.
Unknown command.
Unknown command.
Unknown command.
Unknown command.
Unknown command.
Unknown command.
Unknown command.
Unknown command.
You hit the jelly but do no damage.
Your hands burn!
* * * LOW HITPOINT WARNING * * *
The jelly is severely wounded.
You block the jelly's attack.
Unknown command.
Unknown command.
Unknown command.
Unknown command.
Unknown command.
Unknown command.
Unknown command.
Unknown command.
Unknown command.
You hit the jelly but do no damage.
Your hands burn!
* * * LOW HITPOINT WARNING * * *
The jelly is severely wounded.
The jelly hits you.
* * * LOW HITPOINT WARNING * * *
You are splashed with acid.
You die...

#.............#
#.....#######.#
########.#
#.#############
#...# #.#
#.............#
J..[..##.#
############...
P.P...'..# #...
J.....##.######
#... #...#
#......# #...
### ######@#
#... #J# #...
#J# #... #y#
#...


#yy ####... .JJ #..'... ... #.##... .... ###'##### ##### #........ You could see
2 jellies, 3 killer bees and 2 endoplasms.

Vanquished Creatures
  A slime creature (D:6)
  3 ice beasts
  An orc warrior (D:6)
  A sky beast (D:6)
  A black bear (D:6)
  An ogre (D:6)
  A centaur (D:6)
  3 kobold brigands (D:6)
  2 phantoms
  A necrophage (D:5)
  4 scorpions
  A killer bee (D:7)
  A howler monkey (D:5)
  5 hounds
  10 jellies
  2 gnoll shamans
  An orc priest (D:3)
  5 iguanas
  4 orc wizards
  10 gnolls
  3 adders
  2 white imps
  An ufetubus (D:3)
  A worm (D:2)
  A dart slug (D:1)
  19 orcs
  7 ball pythons
  14 endoplasms
  2 giant cockroaches
  7 goblins
  6 hobgoblins
  3 jackals (D:3)
  10 kobolds
  3 quokkas (D:2)
  5 bats
  3 frilled lizards
  4 rats (D:1)
149 creatures vanquished.

Vanquished Creatures (others)
  An endoplasm (D:7)
  13 fungi
  A plant (D:2)
  9 toadstools (D:6)
24 creatures vanquished.

Grand Total: 173 creatures vanquished

Notes
Turn   | Place    | Note
-------+----------+-------------------------------------------
     0 | D:1      | drugrobin the Demigod Fighter began the quest for the Orb.
     0 | D:1      | Reached XP level 1. HP: 18/18 MP: 3/3
    85 | D:1      | Reached skill level 2 in Axes
   270 | D:1      | Reached XP level 2. HP: 25/25 MP: 4/4
  1294 | D:2      | Reached XP level 3. HP: 30/31 MP: 5/5
  1582 | D:2      | Reached skill level 3 in Axes
  2468 | D:3      | Got Sif Muna's Volume of Earth
  2719 | D:3      | Found Amaock's Antique Armour Boutique.
  2992 | D:4      | Noticed a scorpion
  3076 | D:4      | Reached XP level 4. HP: 38/38 MP: 6/6
  3403 | D:3      | Reached skill level 4 in Axes
  3553 | D:4      | Reached XP level 5. HP: 42/46 MP: 7/7
  3791 | D:3      | Reached skill level 5 in Axes
  3791 | D:3      | Reached XP level 6. HP: 42/52 MP: 8/8
  4420 | D:5      | Entered Level 5 of the Dungeon
  4483 | D:5      | Found a runed translucent door.
  4530 | D:5      | Noticed chrisa4242's ghost (novice NaFi)
  4565 | D:5      | Reached skill level 6 in Axes
  4580 | D:5      | Reached XP level 7. HP: 46/60 MP: 9/9
  4618 | D:5      | Reached skill level 5 in Fighting
  5000 | D:5      | Found a staircase to the Ecumenical Temple.
  5197 | D:5      | Identified the -2 pair of boots of Valiance {rN+ Will+}
  5557 | D:5      | Reached skill level 7 in Axes
  6125 | D:6      | Reached XP level 8. HP: 62/70 MP: 10/10
  6455 | D:6      | Reached skill level 8 in Axes
  7659 | D:6      | Noticed a slime creature
  7677 | D:6      | Killed a slime creature
  7682 | D:6      | Noticed a slime creature
  7685 | D:6      | Noticed a slime creature
  8510 | D:7      | Reached skill level 9 in Axes
  8510 | D:7      | Reached XP level 9. HP: 78/78 MP: 11/11
  8699 | D:7      | Noticed an oklob plant
  8912 | D:7      | Noticed an ice statue
  8915 | D:7      | Noticed DocClef's ghost (novice TeFi)
  8944 | D:7      | Found a transporter.
  8956 | D:7      | Found a transporter.
  9761 | D:7      | Splashed by a jelly's acid

Illustrated notes

Levels and vault maps discovered:
D:1:      eino_arrival_cavern_b, layout_loops_ring,
          shapermc_ecumenical_altar_mp_urbaneastern
D:2:      layout_loops_corners, guppyfry_early_lair_pool
D:3:      layout_rooms, nzn_overflow_gifts_of_might_and_magic, serial_shops,
          shop_coins
D:4:      layout_gridville, bh_walls_and_bars
D:5:      layout_basic, marbit_many_paths, mainiacjoe_overflow_two_lobes,
          minmay_temple_entry_glass, ebering_ghost_sewer_d
D:6:      cheibrodos_fertilizer, layout_basic, kennysheep_little_box
D:7:      lemuel_slime, layout_basic, nzn_ghost_randoct, lemuel_flame_loot_1

Skill      XL: |  1  2  3  4  5  6  7  8 |
---------------+-------------------------+-----
Axes           | 2 3 4 5 6 7 9 |  9.2
Fighting       | 3 4 5 6 |  6.9
Shields        | 3 4 |  4.8
Armour         | |  2.6

Action                   |  1- 3 |  4- 6 |  7- 9 || total
-------------------------+-------+-------+-------++-------
Melee: War axe           |   123 |     4 |       ||   127
       Hand axe          |    27 |   116 |   372 ||   515
Throw: Boomerang         |       |     1 |     4 ||     5
       Dart              |       |       |     1 ||     1
  Use: Scroll            |       |       |     6 ||     6
       Potion            |       |       |     1 ||     1
Armor: Scale mail        |    63 |       |       ||    63
       Chain mail        |     3 |    70 |   145 ||   218
Dodge: Dodged            |    59 |    54 |    60 ||   173
Block: Buckler           |    39 |    26 |    14 ||    79
       Tower shield      |       |       |   207 ||   207

Table legend: (Time is in decaauts)
 A = Elapsed time spent in this place.
 B = Non-inter-level travel time spent in this place.
 C = Inter-level travel time spent in this place.
 D = Time resting spent in this place.
 E = Time spent auto-exploring this place.
 F = Levels seen in this place.
 G = Mean time per level.
                   A        B        C        D        E       F      G
               +--------+--------+--------+--------+--------+-----+--------+
         Total |   9924 |   9610 |    314 |   2066 |   5371 |   7 | 1417.7 |
       Dungeon |   9924 |   9610 |    314 |   2066 |   5371 |   7 | 1417.7 |
               +--------+--------+--------+--------+--------+-----+--------+

Top non-repeatable levels by time:
     D:6: 2656 daAuts
     D:3: 1662 daAuts
     D:5: 1584 daAuts
     D:2: 1240 daAuts
     D:7: 1189 daAuts
     D:4: 833 daAuts
     D:1: 759 daAuts
